 Dungeon Crawl Stone Soup version 0.23.2-30-g0e89c35649 (webtiles) character file.

Game seed: 9279940634770774523

4162 Zephirin the Summoner (level 10, -14/65 HPs)
             Began as a Demonspawn Summoner on June 10, 2019.
             Was a Believer of Hepliaklqana.
             Hit by a large rock thrown by a cyclops (30 damage)
             ... on level 11 of the Dungeon.
             The game lasted 01:44:21 (8693 turns).

Zephirin the Summoner (Demonspawn Summoner)         Turns: 8693, Time: 01:44:21

Health: -14/65     AC:  4    Str:  8    XL:     10   Next: 7%
Magic:  2/23       EV: 13    Int: 21    God:    Hepliaklqana [**....]
Gold:   453        SH:  0    Dex: 13    Spells: 14/28 levels left

rFire    . . .     SeeInvis .   O - staff of cold
rCold    + . .     Gourm    .   (no shield)
rNeg     . . .     Faith    .   E - +2 robe {MR+}
rPois    .         Spirit   .   (helmet restricted)
rElec    .         Reflect  .   (no cloak)
rCorr    .         Harm     .   (no gloves)
MR       +....                  (no boots)
Stlth    ++........             z - amulet of regeneration
HPRegen  0.60/turn              (no ring)
MPRegen  0.18/turn              (no ring)

@: no status effects
A: reduced essence, antennae 1, talons 2, robust 1, wild magic 1, sturdy frame 2
a: Recall Ancestor, Ancestor Identity, Renounce Religion


You were on level 11 of the Dungeon.
You worshipped Hepliaklqana.
Hepliaklqana was pleased with you.
You were hungry.

You visited 2 branches of the dungeon, and saw 12 of its levels.

You collected 453 gold pieces.

Inventory:

Hand Weapons
 e - a +0 hunting sling
 g - a +0 club
 j - a +0 quarterstaff
 t - a +0 hunting sling
 u - a +0 quarterstaff
 w - a +0 hand crossbow
 K - a +4 great sword
 L - a +4 flail
 M - a +0 hunting sling of freezing
Missiles
 b - 61 arrows
 h - 346 stones (quivered)
 n - 55 sling bullets
 x - 98 bolts
 G - 3 tomahawks
Armour
 a - a +1 robe
 k - a +0 robe
 l - a +0 leather armour
 o - a +0 robe
 v - a +0 robe
 D - a +0 robe
 E - a +2 robe of magic resistance (worn)
 N - a +0 robe
Magical Staves
 O - an uncursed staff of cold (weapon)
Jewellery
 z - an amulet of regeneration (around neck)
Wands
 y - a wand of iceblast (4)
 H - a wand of scattershot (4)
 P - a wand of random effects (40)
Scrolls
 f - 2 scrolls of fear
 m - 4 scrolls of amnesia
 q - 3 scrolls of magic mapping
 r - 5 scrolls of fog
 s - a scroll of enchant armour
 F - 4 scrolls of identify
 I - 6 scrolls of remove curse
Potions
 d - 2 potions of mutation
 i - 2 potions of heal wounds
 p - 2 potions of agility {unknown}
 A - a potion of flight {unknown}
 B - a potion of degeneration {unknown}
 J - 2 potions of brilliance
 Q - a potion of haste
 R - a potion of curing {unknown}
Comestibles
 c - 11 rations


   Skills:
 + Level 1.0 Fighting
 + Level 1.6 Staves
 + Level 2.8 Dodging
 + Level 2.7 Stealth
 + Level 9.7 Spellcasting
 + Level 10.1 Summonings
 + Level 0.5 Ice Magic
 + Level 0.3 Air Magic
 + Level 0.5 Evocations


You had 14 spell levels left.
You knew the following spells:

 Your Spells              Type           Power        Failure   Level  Hunger
a - Summon Small Mammal   Summ           ####         1%          1    None
b - Call Imp              Summ           ######..     1%          2    None
c - Call Canine Familiar  Summ           ######..     1%          3    None
d - Summon Lightning Spi  Summ/Air       #####...     12%         4    ##.....
e - Summon Ice Beast      Ice/Summ       ######..     12%         4    ##.....

Your spell library contained the following spells:

 Spells                   Type           Power        Failure   Level  Hunger
 Summon Guardian Golem    Hex/Summ       #####...     4%          3    None


Dungeon Overview and Level Annotations

Branches:
Dungeon (11/15)            Temple (1/1) D:6            Lair (0/6) D:8
    Orc: D:9-12

Altars:
Ashenzari
Cheibriados
Dithmenos
Elyvilon
Fedhas
Gozag
Hepliaklqana
Kikubaaqudgha
Makhleb
Nemelex Xobeh
Okawaru
Qazlal
Ru
Sif Muna
Trog
Uskayaw
Vehumet
Wu Jian
Xom
Yredelemnul
Zin
The Shining One


Innate Abilities, Weirdness & Mutations

You have razor-sharp toenails.
Your movements are less encumbered by armour. (ER -4)
Your life essence is reduced to manifest your ancestor. (-10% HP)
You have a pair of small antennae on your head.
You are robust. (+10% HP)
Your spells are a little harder to cast, but a little more powerful.


Message History

The ice beast hits your ice beast. The ice beast freezes your ice beast.
Your ice beast completely resists.
The ice beast hits your ice beast but does no damage.
The earth elemental hits your ice beast!!!
Your ice beast dies!
There is a stone staircase leading down here.
You climb downwards.
A centaur warrior zombie comes into view.
Found a chain mail and a lightning rod (4/4).
There is a stone staircase leading up here.
Okay, then.
A cyclops comes into view.
The cyclops shouts!
Found 17 stones.
The cyclops throws a large rock.
The large rock closely misses you.
Found a lumpy cyan potion.
You see here a large rock.
A bullfrog skeleton comes into view.
A wyvern comes into view.
The cyclops throws a large rock.
The large rock hits you!!
You die...

... .... #.
..!.# (.C ...#
...Z ...# ##..#
. #..##....# ..
##.......##
...##..@......#
..#....(......l
#.....E.......
##....<.......
#......[....#
##...........
##..........
##.........
##.....}..


You could see a cyclops, an earth elemental, a wyvern (wandering) and a bullfrog
skeleton (wandering).

Vanquished Creatures
  An orc wizard (D:4)
  A worker ant (D:4)
  An adder (D:4)
  An ooze (D:5)
  3 orcs
  3 giant cockroaches
  A hobgoblin (D:1)
  A quokka (D:5)
12 creatures vanquished.

Vanquished Creatures (collateral kills)
  Pikel (D:8)
  4 hippogriffs
  A wyvern (D:9)
  Sigmund (D:5)
  5 yaks (D:9)
  A water moccasin (D:8)
  4 porcupines (D:8)
  An ice beast (D:6)
  An orc warrior (D:6)
  4 slaves (D:8)
  A black bear (D:8)
  6 sky beasts
  6 ogres
  A necrophage (D:8)
  A centaur (D:6)
  2 big kobolds (D:8)
  7 bullfrogs
  2 scorpions
  2 wyvern skeletons (D:7)
  2 howler monkeys
  4 wights (D:6)
  3 crimson imps
  A quasit (D:8)
  A bullfrog zombie (D:8)
  A centaur zombie (D:9)
  2 hounds
  5 jellies
  6 orc priests
  2 bullfrog skeletons
  3 orc wizards
  2 iguanas
  7 worker ants
  2 hound skeletons
  A worker ant zombie (D:7)
  8 gnolls
  7 adders
  A shadow imp (D:8)
  An ooze (D:2)
  An adder skeleton (D:4)
  4 worms
  A dart slug (D:5)
  6 leopard geckos
  39 orcs
  2 ball pythons
  11 giant cockroaches
  7 goblins
  11 hobgoblins
  10 jackals
  2 quokkas
  3 bats
  7 frilled lizards
  18 kobolds
  A leopard gecko skeleton (D:7)
  4 rats
237 creatures vanquished.

Vanquished Creatures (others)
  An ancestor (D:6)
  3 battlemagi
  A fungus (D:8)
5 creatures vanquished.

Grand Total: 254 creatures vanquished

Notes
Turn   | Place    | Note
-------+----------+-------------------------------------------
     0 | D:1      | Zephirin the Demonspawn Summoner began the quest for the
                  | Orb.
     0 | D:1      | Reached XP level 1. HP: 13/13 MP: 3/3
   689 | D:1      | Gained mutation: You have sharp toenails. [demonic
                  | ancestry]
   689 | D:1      | Reached XP level 2. HP: 19/19 MP: 0/5
   762 | D:1      | Learned a level 2 spell: Call Imp
  1017 | D:1      | Gained mutation: You have a pair of small antennae on your
                  | head. [potion of mutation]
  1017 | D:1      | Gained mutation: You are robust. (+10% HP) [potion of
                  | mutation]
  1017 | D:1      | Gained mutation: Your spells are a little harder to cast,
                  | but a little more powerful. [potion of mutation]
  1247 | D:2      | Reached XP level 3. HP: 26/26 MP: 1/7
  1902 | D:3      | Found a bloodstained altar of Trog.
  1924 | D:3      | Learned a level 3 spell: Call Canine Familiar
  2005 | D:3      | Reached XP level 4. HP: 33/33 MP: 3/8
  2274 | D:3      | Found a glowing silver altar of Zin.
  2560 | D:4      | Reached skill level 5 in Summonings
  3025 | D:4      | Reached XP level 5. HP: 23/38 MP: 5/10
  4043 | D:5      | Entered Level 5 of the Dungeon
  4131 | D:5      | Gained mutation: Your movements are slightly less
                  | encumbered by armour. (ER -2) [demonic ancestry]
  4131 | D:5      | Reached XP level 6. HP: 41/45 MP: 4/12
  4166 | D:5      | Noticed a sky beast
  4207 | D:5      | Killed a sky beast
  4324 | D:5      | Noticed Sigmund
  4333 | D:5      | Killed Sigmund
  4494 | D:5      | Reached skill level 1 in Staves
  5043 | D:6      | Found a staircase to the Ecumenical Temple.
  5058 | Temple   | Entered the Ecumenical Temple
  5171 | Temple   | Became a worshipper of Hepliaklqana the Forgotten
  5236 | D:6      | Reached skill level 6 in Summonings
  5283 | D:6      | Reached skill level 5 in Spellcasting
  5283 | D:6      | Gained mutation: Your movements are less encumbered by
                  | armour. (ER -4) [demonic ancestry]
  5283 | D:6      | Reached XP level 7. HP: 36/46 MP: 4/14
  5762 | D:6      | Found a sacrificial altar of Ru.
  5988 | D:6      | Reached skill level 7 in Summonings
  6008 | D:6      | Reached * piety under Hepliaklqana
  6229 | D:7      | Gained mutation: You have razor-sharp toenails. [demonic
                  | ancestry]
  6229 | D:7      | Reached XP level 8. HP: 52/52 MP: 9/17
  6234 | D:7      | Noticed a hippogriff
  6261 | D:7      | Killed a hippogriff
  6620 | D:7      | Found a basalt altar of Yredelemnul.
  6798 | D:7      | Reached ** piety under Hepliaklqana
  6802 | D:7      | Remembered your ancestor Mirko as a battlemage
  6813 | D:7      | Noticed a hippogriff
  6827 | D:7      | Killed a hippogriff
  6827 | D:7      | Reached skill level 8 in Summonings
  7279 | D:8      | Noticed Pikel
  7295 | D:8      | Killed Pikel
  7295 | D:8      | Reached XP level 9. HP: 58/58 MP: 1/20
  7341 | D:8      | Reached skill level 9 in Summonings
  7419 | D:8      | Found a staircase to the Lair.
  7667 | D:8      | Learned a level 4 spell: Summon Lightning Spire
  7672 | D:8      | Learned a level 4 spell: Summon Ice Beast
  7792 | D:8      | Found a radiant altar of Vehumet.
  7792 | D:8      | Found an ancient bone altar of Kikubaaqudgha.
  8103 | D:9      | Reached skill level 1 in Fighting
  8109 | D:9      | Reached skill level 10 in Summonings
  8116 | D:9      | Reached XP level 10. HP: 64/65 MP: 10/23
  8615 | D:10     | Entered Level 10 of the Dungeon
  8691 | D:11     | Noticed a cyclops
  8693 | D:11     | Hit by a large rock thrown by a cyclops

Skill      XL: |  1  2  3  4  5  6  7  8  9 |
---------------+----------------------------+-----
Spellcasting   | 3 4 5 6 7 9 |  9.7
Dodging        | 2 |  2.8
Summonings     | 5 6 7 8 10 | 10.1
Stealth        | 2 |  2.7
Staves         | 1 |  1.6
Fighting       | 1 |  1.0
Ice Magic      | |  0.5
Air Magic      | |  0.3
Evocations     | |  0.5

Action                   |  1- 3 |  4- 6 |  7- 9 | 10-12 || total
-------------------------+-------+-------+-------+-------++-------
Melee: Club              |     6 |       |       |       ||     6
       Quarterstaff      |     2 |    14 |    14 |       ||    30
       Kick              |       |     4 |     2 |       ||     6
       Staff             |       |       |     2 |       ||     2
Throw: Stone             |     2 |       |       |       ||     2
 Cast: Summon Small Mamm |    41 |    34 |    52 |       ||   127
       Call Imp          |    18 |    49 |    50 |     9 ||   126
       Call Canine Famil |     2 |    21 |    27 |     3 ||    53
       Summon Ice Beast  |       |       |     4 |    11 ||    15
       Summon Lightning  |       |       |     4 |     4 ||     8
Invok: Recall Ancestor   |       |       |     2 |     1 ||     3
       Ancestor Life: Ba |       |       |     1 |       ||     1
Evoke: Wand              |       |     2 |     3 |     1 ||     6
  Use: Scroll            |     8 |    10 |     4 |       ||    22
       Potion            |     2 |     2 |       |       ||     4
  Eat: Chunk             |     5 |    11 |     3 |       ||    19
       Ration            |       |     1 |     2 |       ||     3
Armor: Robe              |    11 |    10 |     7 |     1 ||    29
Dodge: Dodged            |    35 |    36 |    38 |    11 ||   120
